 Dungeon Crawl Stone Soup version 0.30.0-3-ga4e48a9924 (webtiles) character file.

Game seed: 3277207669406325651

86 Lobster4 the Magician (level 4, -13/32 HPs)
             Began as a Djinni Fire Elementalist on May 7, 2023.
             Killed from afar by a white imp (15 damage)
             ... with a puff of frost
             ... on level 6 of the Dungeon.
             The game lasted 00:04:39 (1813 turns).

Lobster4 the Magician (Djinni Fire Elementalist)    Turns: 1813, Time: 00:04:39

Health: -13/32     AC:  2    Str:  7    XL:     4   Next: 78%
Gold:   42         EV: 12    Int: 18    God:
                   SH:  0    Dex: 14

rFire   + + .        g - +0 short sword (elec)
rCold   x . .        (no shield)
rNeg    . . .        a - +0 robe
rPois   ∞            (no helmet)
rElec   .            (no cloak)
rCorr   .            (no gloves)
SInv    +            (boots unavailable)
Will    .....        (no amulet)
Stlth   ++           e - ring of see invisible
HPRegen 0.25/turn    (no ring)
MPRegen 0.00/turn

%: infuse magic (-14 HP)
@: mighty, flying, very slightly contaminated
A: sickness immunity, fire resistance 2, cold vulnerability 1, float, innate
caster, HP casting, extra vitality 1
a: no special abilities


You were on level 6 of the Dungeon.
You visited 1 branch of the dungeon, and saw 4 of its levels.

You collected 42 gold pieces.

Inventory:

Hand Weapons
 b - a +0 dagger
 g - a +0 short sword of electrocution (weapon)
Armour
 a - a +0 robe (worn)
 f - a +0 leather armour
Jewellery
 e - a ring of see invisible (left hand)
 o - a ring of wizardry
Scrolls
 c - a scroll of teleportation {unknown}
 d - 2 scrolls of identify
 l - a scroll of summoning {unknown}
 m - 2 scrolls of brand weapon {unknown}
 n - a scroll of poison {unknown}
 p - a scroll of fog {unknown}
Potions
 h - a potion of flight {unknown}
 i - a potion of might
 j - a potion of invisibility {unknown}


   Skills:
 + Level 1.1 Fighting
 + Level 1.0 Short Blades
 + Level 1.2 Armour
 + Level 2.7 Dodging
 - Level 2.0 Stealth
 * Level 3.1 Spellcasting


You knew the following spells:

 Your Spells              Type           Power      Damage    Failure   Level
a - Foxfire               Conj/Fire      56%        2x1d6     4%          1
b - Scorch                Fire           28%        2d6       7%          2
c - Volatile Blastmotes   Fire/Tloc      28%        2d12      14%         3
d - Inner Flame           Hex/Fire       14%        N/A       14%         3
e - Flame Wave            Conj/Fire      14%        2d6       41%         4
f - Summon Small Mammal   Summ           56%        N/A       4%          1
Your spell library was empty.

Dungeon Overview and Level Annotations

Branches:
Dungeon (3/15)

Altars:


Innate Abilities, Weirdness & Mutations

You are immune to sickness and miasma.
You are immune to poison.
Your flesh is very heat resistant. (rF++)
You are vulnerable to cold. (rC-)
You float through the air rather than walking.
You learn spells naturally, not from books.
Your magical power is your life essence.
You have superior vitality. (+4 MHP)


Message History

The water moccasin hisses angrily.
Casting: Scorch (safe; 7% risk of failure)
Confirm with . or Enter, or press ? or * to list all spells.
You miscast Scorch.
You are very lightly contaminated with residual magic.
Nothing appears to happen.
Casting: Scorch (safe; 7% risk of failure)
Confirm with . or Enter, or press ? or * to list all spells.
Flames lash the water moccasin.
The water moccasin is moderately wounded.
The water moccasin's fire resistance burns away.
You hear a shout!
The water moccasin bites you. The orc hits you with a +0 flail.
You hear a shout!
Unknown command.
Casting: Scorch (safe; 7% risk of failure)
Confirm with . or Enter, or press ? or * to list all spells.
Flames lash the water moccasin.
The water moccasin is burned terribly!
The water moccasin is severely wounded.
The water moccasin barely misses you. The water moccasin bites you.
A white imp comes into view.
The orc closely misses you.
Unknown command.
Casting: Scorch (safe; 7% risk of failure)
Confirm with . or Enter, or press ? or * to list all spells.
Flames lash the orc.
The orc is severely wounded.
The orc's fire resistance burns away.
You hear a shout! x2
The water moccasin barely misses you. The orc hits you with a +0 flail.
* * * LOW HITPOINT WARNING * * *
Unknown command.
It was a potion of might.
You feel very mighty all of a sudden. The water moccasin bites you.
* * * LOW HITPOINT WARNING * * *
The water moccasin completely misses you.
The white imp gestures at you. The puff of frost hits you!
You feel a terrible chill!
You die...

.. .#.# ..
...#
###$####...#
..5.......#
###........#
...........#
..##....o...#
........@#
.##...S.#
##..#!#
#.##.#
........#
####.#### #


You could see a water moccasin (combustible), a white imp and an orc
(combustible).

Vanquished Creatures
  3 adders (D:2)
  5 orcs (D:3)
  4 bats
  6 endoplasms
  2 giant cockroaches
  5 goblins
  3 hobgoblins
  2 jackals (D:1)
  6 kobolds
  2 quokkas
  3 ball pythons
  3 frilled lizards
  7 rats
51 creatures vanquished.

Vanquished Creatures (others)
  171 foxfires
171 creatures vanquished.

Grand Total: 222 creatures vanquished

Notes
Turn   | Place    | Note
-------+----------+-------------------------------------------
     0 | D:1      | Lobster4 the Djinni Fire Elementalist began the quest for
                  | the Orb.
     0 | D:1      | Lobster4 set off with the following spells memorised:
                  | Foxfire, Scorch, Volatile Blastmotes, Inner Flame, Flame
                  | Wave.
     0 | D:1      | Reached XP level 1. HP: 15/15 MP: 0/0
   160 | D:1      | Reached XP level 2. HP: 18/21 MP: 0/0
   554 | D:1      | Reached XP level 3. HP: 22/26 MP: 0/0
   554 | D:1      | Learned a level 1 spell: Summon Small Mammal
   635 | D:1      | Found a faded altar of an unknown god.
  1075 | D:2      | Reached XP level 4. HP: 27/31 MP: 0/0
  1119 | D:2      | Reached skill level 1 in Armour
  1136 | D:2      | Reached skill level 3 in Spellcasting
  1178 | D:2      | Reached skill level 1 in Fighting
  1695 | D:3      | Reached skill level 1 in Short Blades
  1801 | D:3      | You are sucked into a shaft and drop 3 floors!
  1804 | D:6      | Noticed a water moccasin
  1813 | D:6      | Killed from afar by a white imp

Illustrated notes

Levels and vault maps discovered:
D:1:      wander_arrival_peaceful_grave, layout_basic,
          shapermc_ecumenical_altar_mp_vishouse, minmay_misc_feat_four_crosses,
          chequers_serial_rivers_large_b
D:2:      layout_loops_ring
D:3:      layout_loops_cross
D:6:      layout_loops_corners, old_standard_altar,
          nicolae_overflow_hidden_temple

Skill      XL: |  1  2  3  4 |
---------------+-------------+-----
Stealth        | 2 |  2.0
Armour         | 1 |  1.2
Spellcasting   | 3 |  3.1
Fighting       | 1 |  1.1
Short Blades   | 1 |  1.0
Dodging        | |  2.7

Action                     |  1- 3 |  4- 6 || total
---------------------------+-------+-------++-------
  Melee: Short sword       |     2 |       ||     2
   Cast: Foxfire           |    81 |    32 ||   113
         Scorch            |     5 |    11 ||    16
    Use: Scroll            |       |     1 ||     1
         Potion            |       |     1 ||     1
 Armour: Robe              |     2 |       ||     2
  Dodge: Dodged            |    10 |     7 ||    17
